 Dungeon Crawl Stone Soup version 0.31-a0-150-g89dc3ad700 (webtiles) character file.

Game seed: 5553748452543211149

28155 qw the Marksminotaur (level 13, -4/116 HPs)
             Began as a Minotaur Hunter on June 8, 2023.
             Was a High Priest of Okawaru.
             Slain by a five-headed hydra (5 damage)
             ... while petrified by a basilisk
             ... on level 3 of the Lair of Beasts.
             The game lasted 00:03:53 (9545 turns).

qw the Marksminotaur (Minotaur Hunter)              Turns: 9545, Time: 00:03:54

Health: -4/116     AC: 13    Str: 22    XL:     13   Next: 8%
Magic:  24/28      EV:  2    Int:  7    God:    Okawaru [*****.]
Gold:   500        SH:  0    Dex: 29    Spells: 12/12 levels left

rFire   + . .        Y - +1 hand crossbow (heavy)
rCold   x . .        (no shield)
rNeg    + + +        f - +0 swamp dragon scales
rPois   inf          (helmet restricted)
rElec   .            (no cloak)
rCorr   .            a - +0 pair of gloves
SInv    +            e - +1 pair of boots of Weightlessness {*Slow rF+ MP+9 SInv}
Will    .....        (no amulet)
Stlth   +++          n - ring of Vanity {rC- Str+6 Int+2 Dex+7 Slay+2}
HPRegen 0.39/turn    d - +5 ring of evasion
MPRegen 0.21/turn

%: slow self (1%)
@: petrified, heroic, finesse-ful
A: horns 2, retaliatory headbutt, talons 1, iridescent scales 1, agile 1,
deformed body
a: Renounce Religion, Heroism, Finesse, Duel


You were on level 3 of the Lair of Beasts.
You worshipped Okawaru.
Okawaru was extremely pleased with you.
You visited 2 branches of the dungeon, and saw 11 of its levels.

You collected 661 gold pieces.
You spent 161 gold pieces at shops.


Innate Abilities, Weirdness & Mutations

You have a pair of horns on your head.
You reflexively headbutt those who attack you in melee.
You have sharp toenails.
You are partially covered in iridescent scales. (AC +2)
You are agile. (Dex +4, Str/Int -1)
Armour fits poorly on your strangely shaped body.


   Skills:
 - Level 11.0(16.0) Fighting
 + Level 16.2(21.2) Ranged Weapons
 - Level 7.2(12.2) Armour
 - Level 10.0(15.0) Dodging
 - Level 0.7(5.7) Stealth
 - Level 10.0 Invocations


You had 12 spell levels left.
You didn't know any spells.
Your spell library was empty.

Inventory:

Hand Weapons
 Y - a +1 heavy hand crossbow (weapon)
Armour
 a - a +0 pair of gloves (worn)
 e - the +1 pair of boots of Weightlessness (worn) {*Slow rF+ MP+9 SInv}
   (You acquired it on level 6 of the Dungeon)

   rF:        It protects you from fire.
   MP:        It affects your magic capacity (+9).
   SInv:      It lets you see invisible.
   *Slow:     It may slow you when you take damage.
 f - +0 swamp dragon scales (worn)
 i - a +0 pair of boots
 o - the +0 pair of gloves "Reterohe" {Harm rC- rN++ Regen+}
   (You acquired it on level 3 of the Dungeon)

   rC:        It makes you vulnerable to cold.
   rN:        It greatly protects you from negative energy.
   Regen:     It increases your rate of health regeneration.
   Harm:      It increases damage dealt and taken.
 p - the +2 ring mail of Zareotae {Harm rC+ rN+ rCorr}
   (You found it on level 5 of the Dungeon)

   rC:        It protects you from cold.
   rN:        It protects you from negative energy.
   rCorr:     It protects you from acid and corrosion.
   Harm:      It increases damage dealt and taken.
Jewellery
 d - a +5 ring of evasion (right hand)
 n - the ring of Vanity (left hand) {rC- Str+6 Int+2 Dex+7 Slay+2}
   (You acquired it on level 3 of the Dungeon)

   [ring of strength]

   Str:       It affects your strength (+6).
   Int:       It affects your intelligence (+2).
   Dex:       It affects your dexterity (+7).
   Slay:      It affects your accuracy & damage with ranged weapons and melee
   (+2).
   rC:        It makes you vulnerable to cold.
Scrolls
 b - 2 scrolls of identify
 c - 2 scrolls of teleportation
Potions
 g - 2 potions of might
 h - 3 potions of curing
 l - a potion of magic
 q - 4 potions of mutation

Dungeon Overview and Level Annotations

Branches:
Dungeon (8/15)             Temple (0/1) D:5            Lair (3/5) D:8
  Swamp (0/4) Lair:2       Spider (0/4) Lair:2

Altars:
Dithmenos
Gozag
Nemelex Xobeh
Okawaru
Ru
Xom
Yredelemnul
Zin

Shops:
D:5 [   D:8 :

Annotations:
D:7 1 runed translucent door, Crazy Yiuf


Message History

You furiously retaliate!
You headbutt the five-headed hydra.
The five-headed hydra misses you. x2; The five-headed hydra bites you.
The five-headed hydra closely misses you.
You have turned to stone.
The five-headed hydra bites you but does no damage. x2
The five-headed hydra bites you! The five-headed hydra bites you. x2
The six-headed hydra bites you but does no damage.
The six-headed hydra bites you.
The six-headed hydra bites you but does no damage. x4
The five-headed hydra bites you! The five-headed hydra bites you.
The five-headed hydra bites you! The five-headed hydra bites you.
The five-headed hydra bites you but does no damage.
The six-headed hydra bites you but does no damage.
The six-headed hydra bites you. x2; The six-headed hydra bites you!
The six-headed hydra bites you. The six-headed hydra bites you!
The five-headed hydra bites you!
The five-headed hydra bites you but does no damage.
The five-headed hydra barely misses you.
The five-headed hydra bites you!
The five-headed hydra bites you but does no damage.
The six-headed hydra bites you. x3
The six-headed hydra completely misses you.
The six-headed hydra bites you.
The six-headed hydra bites you but does no damage.
The five-headed hydra bites you!
The five-headed hydra bites you but does no damage.
The five-headed hydra bites you. x3
The six-headed hydra completely misses you.
The six-headed hydra bites you. x2; The six-headed hydra bites you!
The six-headed hydra bites you. The six-headed hydra bites you!
The five-headed hydra bites you but does no damage.
The five-headed hydra bites you! The five-headed hydra bites you.
The five-headed hydra bites you but does no damage.
The five-headed hydra bites you. The six-headed hydra bites you.
The six-headed hydra bites you!
The six-headed hydra bites you but does no damage.
The six-headed hydra bites you. The six-headed hydra bites you!
The six-headed hydra barely misses you. The five-headed hydra bites you!
You die...

............#
...........P
..........###
#.............
#.............
#..............
#.DD...........
#@##.......#
.....%%#........##
......###........#
...... ##......#
..... #P......#
..... ###.....#
.... #......# ....
##.....# #......#


You could see a six-headed hydra and a five-headed hydra.

Vanquished Creatures
  2 hydras (Lair:2)
  A death yak (Lair:2)
  A skyshark (Lair:1)
  A fire crab (Lair:2)
  A deep troll (shapeshifter) (Lair:1)
  An orb spider (Lair:2)
  A cyclops (D:8)
  7 elephants (Lair:2)
  Joseph (D:8)
  4 black mambas
  Maggie (D:7)
  A torpor snail (Lair:2)
  11 cane toads
  2 rime drakes
  8 komodo dragons
  5 blink frogs
  A wraith (D:6)
  34 yaks
  2 steam dragons (D:8)
  A basilisk (shapeshifter) (Lair:1)
  4 basilisks
  3 vampire mosquitoes (D:8)
  15 water moccasins
  Duvessa (D:7)
  An orc warrior (D:6)
  4 black bears
  An ice beast (D:6)
  2 ogres (D:6)
  7 wolves
  A centaur (D:7)
  3 phantoms
  2 kobold brigands (D:7)
  15 bullfrogs
  5 scorpions
  5 wights (D:8)
  Dowan (D:7)
  7 killer bees (D:7)
  3 howler monkeys (D:8)
  5 electric eels (Lair:2)
  4 hounds
  2 orc priests
  3 jellies
  7 hell rats (Lair:2)
  Terence (D:3)
  3 iguanas
  9 orc wizards
  5 adders
  4 gnolls (D:3)
  A shadow imp (D:7)
  3 white imps (D:6)
  An ufetubus (D:5)
  3 dart slugs
  48 orcs
  7 ball pythons
  8 endoplasms
  3 giant cockroaches
  7 goblins
  5 hobgoblins
  18 kobolds
  A quokka (D:4)
  3 bats (D:1)
  2 frilled lizards
  7 rats
326 creatures vanquished.

Notes
Turn   | Place    | Note
-------+----------+-------------------------------------------
     0 | D:1      | qw the Minotaur Hunter began the quest for the Orb.
     0 | D:1      | Reached XP level 1. HP: 18/18 MP: 0/0
     0 | D:1      | 0 ||| qw: Version: 0.2-a-120-gdf1a93b
     0 | D:1      | 0 ||| qw: Game counter: 2999
     0 | D:1      | 0 ||| qw: Always use a shield: true
     0 | D:1      | 0 ||| qw: God list: Okawaru
     0 | D:1      | 0 ||| qw: Allow faded altars: false
     0 | D:1      | 0 ||| qw: Do Orc after D:15 true
     0 | D:1      | 0 ||| qw: Do second Lair branch before Depths: true
     0 | D:1      | 0 ||| qw: Lair rune preference: random
     0 | D:1      | 0 ||| qw: Plans: Normal
     0 | D:1      | 0 ||| PLANNING D:1-11
   247 | D:1      | Reached XP level 2. HP: 25/25 MP: 1/1
   282 | D:1      | Reached skill level 5 in Ranged Weapons
   685 | D:1      | 685 ||| READING scroll labelled NIDAQY HOOMYLI.
   685 | D:1      | Identified a scroll of acquirement
   685 | D:1      | 685 ||| ACQUIRING ring of resist corrosion
   685 | D:1      | Acquired a ring of resist corrosion
   687 | D:1      | 687 ||| UPGRADING to ring of resist corrosion.
   688 | D:1      | 688 ||| READING scroll labelled VACUVE TICLEES.
   689 | D:1      | 689 ||| READING scroll labelled EFEFFE KIZU.
   690 | D:1      | 690 ||| READING scroll labelled GUM SION MUV.
   691 | D:1      | 691 ||| DRINKING 2 murky black potions.
   692 | D:1      | 692 ||| DROPPING scroll of butterflies.
   693 | D:1      | 693 ||| DROPPING potion of brilliance.
   706 | D:2      | Found a faded altar of an unknown god.
   771 | D:2      | Reached skill level 3 in Fighting
   897 | D:2      | 897 ||| FLEEEEING.
   898 | D:2      | 898 ||| FLEEEEING.
   918 | D:2      | Reached XP level 3. HP: 31/31 MP: 2/2
   989 | D:2      | Identified the +1 kite shield of the Unbroken {-Tele rF+
                  | Dex+4 Stlth+}
  1323 | D:2      | 1323 ||| UPGRADING to +5 ring of evasion.
  1324 | D:2      | 1324 ||| DRINKING 3 sapphire potions.
  1401 | D:3      | Noticed Terence
  1404 | D:3      | Killed Terence
  1613 | D:3      | Reached skill level 6 in Ranged Weapons
  1613 | D:3      | Reached XP level 4. HP: 38/38 MP: 3/3
  1613 | D:3      | 1613 ||| Stepping ~*~*~tactically~*~*~ (outnumbered).
  1615 | D:3      | 1615 ||| Stepping ~*~*~tactically~*~*~ (outnumbered).
  1621 | D:3      | 1621 ||| Stepping ~*~*~tactically~*~*~ (outnumbered).
  1644 | D:3      | Found a sparkling altar of Nemelex Xobeh.
  1808 | D:3      | 1808 ||| FLEEEEING.
  1809 | D:3      | 1809 ||| FLEEEEING.
  1810 | D:3      | 1810 ||| FLEEEEING.
  1811 | D:3      | 1811 ||| FLEEEEING.
  1812 | D:3      | 1812 ||| FLEEEEING.
  1813 | D:3      | 1813 ||| FLEEEEING.
  1815 | D:3      | 1815 ||| FLEEEEING.
  1817 | D:3      | 1817 ||| FLEEEEING.
  1831 | D:3      | 1831 ||| DRINKING 2 potions of curing.
  1831 | D:3      | 1831 ||| (to cure confusion)
  1836 | D:3      | HP: 8/40 [something/puff of flame (8)]
  1839 | D:3      | 1839 ||| DRINKING potion of curing.
  1839 | D:3      | 1839 ||| (to cure confusion)
  1844 | D:3      | Reached XP level 5. HP: 15/46 MP: 4/4
  1983 | D:3      | 1983 ||| READING 3 scrolls of acquirement.
  1983 | D:3      | 1983 ||| ACQUIRING +0 pair of gloves "Reterohe" {Harm rC-
                  | rN++ Regen+}
  1983 | D:3      | Acquired the +0 pair of gloves "Reterohe" {Harm rC- rN++
                  | Regen+}
  1985 | D:3      | 1985 ||| UPGRADING to +0 ring mail.
  1995 | D:3      | 1995 ||| DROPPING +0 leather armour.
  1996 | D:3      | 1996 ||| READING 2 scrolls of acquirement.
  1996 | D:3      | 1996 ||| ACQUIRING ring of Vanity {rC- Str+6 Int+2 Dex+7
                  | Slay+2}
  1996 | D:3      | Acquired the ring of Vanity {rC- Str+6 Int+2 Dex+7 Slay+2}
  1997 | D:3      | 1997 ||| READING scroll of acquirement.
  1997 | D:3      | 1997 ||| ACQUIRING +3 arbalest of draining
  1997 | D:3      | Acquired a +3 arbalest of draining
  1999 | D:3      | 1999 ||| SWAPPING to +3 arbalest of draining.
  2000 | D:3      | 2000 ||| DROPPING +0 shortbow.
  2070 | D:3      | Found Ograos's Armour Shop.
  2070 | D:3      | Noticed an animated storm dragon scales
  2070 | D:3      | Noticed an animated pearl dragon scales
  2082 | D:3      | Reached skill level 1 in Armour
  2368 | D:3      | 2368 ||| UPGRADING to ring of Vanity {rC- Str+6 Int+2 Dex+7
                  | Slay+2}.
  2370 | D:3      | 2370 ||| DROPPING ring of resist corrosion.
  2371 | D:3      | 2371 ||| READING scroll labelled NUG XALAONYSAO.
  2372 | D:3      | 2372 ||| READING 2 scrolls of identify.
  2372 | D:3      | 2372 ||| IDENTIFYING murky brown potion
  2373 | D:3      | 2373 ||| DROPPING potion of attraction.
  2435 | D:4      | Found a glowing silver altar of Zin.
  2440 | D:4      | Found an iron altar of Okawaru.
  2440 | D:4      | Found a shadowy altar of Dithmenos.
  2440 | D:4      | Found a shimmering altar of Xom.
  2441 | D:4      | 2441 ||| PLANNING OKAWARU WORSHIP
  2447 | D:4      | Became a worshipper of Warmaster Okawaru
  2447 | D:4      | 2447 ||| PLANNING D:1-11
  2659 | D:4      | Reached skill level 3 in Dodging
  2774 | D:4      | Reached XP level 6. HP: 52/52 MP: 5/5
  3090 | D:4      | 3090 ||| UPGRADING to +0 pair of gloves.
  3095 | D:4      | 3095 ||| READING scroll labelled RON GEYMAASOA.
  3096 | D:4      | 3096 ||| READING scroll labelled FOTEIPS QEUFIX.
  3097 | D:4      | 3097 ||| READING scroll labelled ILE UZIEGUDOJE.
  3145 | D:5      | Entered Level 5 of the Dungeon
  3145 | D:5      | Found Kunioj's Antique Armour Shoppe.
  3146 | D:5      | 3146 ||| Stepping ~*~*~tactically~*~*~ (outnumbered).
  3147 | D:5      | 3147 ||| Stepping ~*~*~tactically~*~*~ (outnumbered).
  3152 | D:5      | 3152 ||| Stepping ~*~*~tactically~*~*~ (outnumbered).
  3155 | D:5      | Reached skill level 7 in Ranged Weapons
  3158 | D:5      | 3158 ||| DRINKING potion of curing.
  3158 | D:5      | 3158 ||| (to cure confusion)
  3166 | D:5      | Reached * piety under Okawaru
  3211 | D:5      | 3211 ||| BUYING glowing ring mail (161 gold).
  3211 | D:5      | Bought a glowing ring mail for 161 gold pieces
  3211 | D:5      | 3211 ||| SHOPLISTING pair of boots (103 gold, have 60).
  3211 | D:5      | 3211 ||| SHOPLISTING pair of glowing boots (172 gold, have
                  | 60).
  3211 | D:5      | 3211 ||| SHOPLISTING tattered robe (131 gold, have 60).
  3235 | D:5      | Found a staircase to the Ecumenical Temple.
  3237 | D:5      | 3237 ||| INVOKING Heroism.
  3243 | D:5      | Reached skill level 8 in Ranged Weapons
  3331 | D:5      | Reached XP level 7. HP: 59/59 MP: 6/6
  3391 | D:5      | Reached skill level 1 in Invocations
  3408 | D:5      | Identified the +2 ring mail of Zareotae {Harm rC+ rN+
                  | rCorr}
  3824 | D:5      | 3824 ||| UPGRADING to +0 ring mail of poison resistance.
  3834 | D:5      | 3834 ||| DROPPING +0 ring mail.
  3835 | D:5      | 3835 ||| DROPPING ring of positive energy.
  3836 | D:5      | 3836 ||| READING scroll labelled HOWNUL TAK.
  3837 | D:5      | 3837 ||| DRINKING 2 sedimented red potions.
  3838 | D:5      | 3838 ||| READING 2 scrolls of identify.
  3838 | D:5      | 3838 ||| IDENTIFYING coppery potion
  3839 | D:5      | 3839 ||| DROPPING potion of invisibility.
  4021 | D:6      | 4021 ||| READING scroll of acquirement.
  4021 | D:6      | 4021 ||| ACQUIRING +1 pair of boots of Weightlessness
                  | {*Slow rF+ MP+9 SInv}
  4021 | D:6      | Acquired the +1 pair of boots of Weightlessness {*Slow rF+
                  | MP+9 SInv}
  4023 | D:6      | 4023 ||| UPGRADING to +1 pair of boots of Weightlessness
                  | {*Slow rF+ MP+9 SInv}.
  4163 | D:6      | 4163 ||| INVOKING Heroism.
  4165 | D:6      | Reached skill level 3 in Invocations
  4259 | D:6      | 4259 ||| INVOKING Heroism.
  4261 | D:6      | Reached ** piety under Okawaru
  4262 | D:6      | Reached XP level 8. HP: 68/68 MP: 9/9
  4322 | D:6      | 4322 ||| INVOKING Heroism.
  4354 | D:6      | 4354 ||| INVOKING Heroism.
  4355 | D:6      | 4355 ||| Stepping ~*~*~tactically~*~*~ (outnumbered).
  4365 | D:6      | Reached skill level 9 in Ranged Weapons
  4421 | D:6      | Reached skill level 6 in Fighting
  4483 | D:6      | 4483 ||| INVOKING Heroism.
  4513 | D:6      | 4513 ||| INVOKING Heroism.
  4550 | D:6      | Reached skill level 10 in Ranged Weapons
  4580 | D:6      | 4580 ||| INVOKING Heroism.
  4633 | D:6      | Reached XP level 9. HP: 75/75 MP: 11/11
  4812 | D:6      | 4812 ||| READING 3 scrolls labelled UNUUHI BEPIGAO.
  4813 | D:6      | 4813 ||| READING 3 scrolls of identify.
  4813 | D:6      | 4813 ||| IDENTIFYING murky green potion
  4814 | D:6      | 4814 ||| READING 2 scrolls of identify.
  4814 | D:6      | 4814 ||| IDENTIFYING blue potion
  4815 | D:6      | 4815 ||| DROPPING potion of lignification.
  4816 | D:6      | 4816 ||| DROPPING 2 scrolls of fear.
  4817 | D:6      | 4817 ||| DROPPING potion of berserk rage.
  4870 | D:7      | Noticed Duvessa
  4872 | D:7      | 4872 ||| INVOKING Heroism.
  4874 | D:7      | Killed Duvessa
  4874 | D:7      | Noticed Dowan
  4875 | D:7      | Reached skill level 3 in Armour
  4875 | D:7      | Killed Dowan
  4904 | D:7      | 4904 ||| INVOKING Heroism.
  4965 | D:7      | Reached *** piety under Okawaru
  4966 | D:7      | Reached skill level 11 in Ranged Weapons
  5080 | D:7      | Found an opulent altar of Gozag.
  5126 | D:7      | 5126 ||| INVOKING Heroism.
  5128 | D:7      | Reached skill level 6 in Dodging
  5164 | D:7      | Found a runed translucent door.
  5165 | D:7      | Noticed Crazy Yiuf
  5307 | D:7      | 5307 ||| Stepping ~*~*~tactically~*~*~ (outnumbered).
  5309 | D:7      | 5309 ||| Stepping ~*~*~tactically~*~*~ (outnumbered).
  5404 | D:7      | 5404 ||| READING scroll labelled GUGRACOSOE.
  5405 | D:7      | 5405 ||| DRINKING 2 ruby potions.
  5405 | D:7      | Gained mutation: Armour fits poorly on your strangely
                  | shaped body. [potion of mutation]
  5405 | D:7      | Gained mutation: You are agile. (Dex +4, Str/Int -1)
                  | [potion of mutation]
  5405 | D:7      | Gained mutation: You have sharp toenails. [potion of
                  | mutation]
  5405 | D:7      | Gained mutation: You are partially covered in iridescent
                  | scales. (AC +2) [potion of mutation]
  5421 | D:8      | Noticed Maggie
  5424 | D:8      | 5424 ||| STAIRDANCE
  5492 | D:8      | 5492 ||| STAIRDANCE
  5560 | D:8      | 5560 ||| STAIRDANCE
  5563 | D:7      | 5563 ||| INVOKING Heroism.
  5565 | D:7      | Killed Maggie
  5566 | D:7      | Reached skill level 12 in Ranged Weapons
  5667 | D:7      | 5667 ||| UPGRADING to +0 swamp dragon scales.
  5677 | D:7      | 5677 ||| DROPPING +0 ring mail of poison resistance.
  5750 | D:8      | 5750 ||| INVOKING Heroism.
  5767 | D:8      | Reached XP level 10. HP: 86/86 MP: 12/12
  5794 | D:8      | Noticed a cyclops
  5795 | D:8      | 5795 ||| INVOKING Heroism.
  5814 | D:8      | 5814 ||| INVOKING Heroism.
  5823 | D:8      | Killed a cyclops
  5823 | D:8      | Reached **** piety under Okawaru
  5833 | D:8      | Identified the +11 mace "Koiciof" {freeze, Fragile rC+
                  | Str+2}
  5959 | D:8      | 5959 ||| INVOKING Heroism.
  5972 | D:8      | Identified the +6 spear of Ozxafont {elec, rPois rF+ Dex+5}
  5994 | D:8      | Found a staircase to the Lair.
  6021 | D:8      | 6021 ||| INVOKING Heroism.
  6065 | D:8      | Found Xyemawn's Tiny Tomes.
  6199 | D:8      | Found a basalt altar of Yredelemnul.
  6199 | D:8      | Found a sacrificial altar of Ru.
  6202 | D:8      | 6202 ||| PLANNING LAIR
  6202 | D:8      | 6202 ||| READING 2 scrolls labelled AZUBAI XASKAL.
  6203 | D:8      | 6203 ||| DROPPING scroll of magic mapping.
  6230 | D:8      | Noticed Joseph
  6233 | D:8      | Killed Joseph
  6263 | Lair:1   | Entered Level 1 of the Lair of Beasts
  6284 | Lair:1   | 6284 ||| READING scroll of brand weapon.
  6284 | Lair:1   | 6284 ||| BRANDING +3 arbalest of freezing.
  6317 | Lair:1   | Reached skill level 13 in Ranged Weapons
  6318 | Lair:1   | a yak changed into a glowing shapeshifter
  6318 | Lair:1   | Noticed a glowing shapeshifter (glowing shapeshifter)
  6318 | Lair:1   | a glowing shapeshifter changed into a deep troll
  6318 | Lair:1   | Noticed a deep troll (glowing shapeshifter)
  6320 | Lair:1   | Killed a deep troll
  6320 | Lair:1   | Reached ***** piety under Okawaru
  6321 | Lair:1   | Reached skill level 9 in Fighting
  6321 | Lair:1   | Reached skill level 6 in Invocations
  6443 | Lair:1   | Noticed a cane toad
  6444 | Lair:1   | 6444 ||| INVOKING Heroism.
  6447 | Lair:1   | Killed a cane toad
  6448 | Lair:1   | Reached XP level 11. HP: 97/97 MP: 14/14
  6509 | Lair:1   | 6509 ||| INVOKING Heroism.
  6549 | Lair:1   | 6549 ||| INVOKING Heroism.
  6597 | Lair:1   | 6597 ||| INVOKING Heroism.
  6657 | Lair:1   | 6657 ||| INVOKING Heroism.
  6785 | Lair:1   | 6785 ||| READING scroll labelled LESILEZEPI.
  6786 | Lair:1   | 6786 ||| DRINKING 2 emerald potions.
  6787 | Lair:1   | 6787 ||| READING 3 scrolls of identify.
  6787 | Lair:1   | 6787 ||| IDENTIFYING purple potion
  6788 | Lair:1   | 6788 ||| READING 2 scrolls of identify.
  6788 | Lair:1   | 6788 ||| IDENTIFYING sedimented coppery potion
  6789 | Lair:1   | 6789 ||| DROPPING potion of enlightenment.
  6792 | Lair:1   | 6792 ||| INVOKING Heroism.
  6821 | Lair:1   | 6821 ||| INVOKING Heroism.
  6895 | Lair:1   | 6895 ||| INVOKING Heroism.
  6898 | Lair:1   | Reached skill level 14 in Ranged Weapons
  6975 | Lair:1   | Noticed a skyshark
  6985 | Lair:1   | Killed a skyshark
  6986 | Lair:1   | Reached skill level 9 in Invocations
  7032 | Lair:1   | 7032 ||| INVOKING Heroism.
  7035 | Lair:1   | Received a gift from Okawaru
  7043 | Lair:1   | 7043 ||| SWAPPING to +0 heavy hand crossbow.
  7044 | Lair:1   | 7044 ||| DROPPING +3 arbalest of chaos.
  7188 | Lair:1   | 7188 ||| INVOKING Heroism.
  7339 | Lair:1   | 7339 ||| READING scroll labelled LOT GEHEWI.
  7389 | Lair:2   | 7389 ||| INVOKING Heroism.
  7395 | Lair:2   | Reached skill level 9 in Dodging
  7412 | Lair:2   | 7412 ||| STAIRDANCE
  7414 | Lair:1   | 7414 ||| INVOKING Heroism.
  7543 | Lair:2   | 7543 ||| DRINKING potion of cancellation.
  7545 | Lair:2   | Noticed a six-headed hydra
  7546 | Lair:2   | 7546 ||| INVOKING Heroism.
  7547 | Lair:2   | 7547 ||| INVOKING Finesse.
  7561 | Lair:2   | HP: 24/97 [six-headed hydra (4)]
  7562 | Lair:2   | 7562 ||| READING 2 scrolls of teleportation.
  7563 | Lair:2   | Killed a six-headed hydra
  7564 | Lair:2   | Reached skill level 6 in Armour
  7564 | Lair:2   | Reached XP level 12. HP: 18/104 MP: 18/18
  7707 | Lair:2   | 7707 ||| INVOKING Heroism.
  7891 | Lair:2   | 7891 ||| INVOKING Heroism.
  8141 | Lair:2   | Reached skill level 15 in Ranged Weapons
  8171 | Lair:2   | 8171 ||| INVOKING Heroism.
  8210 | Lair:2   | 8210 ||| INVOKING Heroism.
  8346 | Lair:2   | 8346 ||| INVOKING Heroism.
  8392 | Lair:2   | Noticed a death yak
  8393 | Lair:2   | 8393 ||| INVOKING Heroism.
  8394 | Lair:2   | 8394 ||| INVOKING Finesse.
  8401 | Lair:2   | Killed a death yak
  8448 | Lair:2   | 8448 ||| INVOKING Heroism.
  8450 | Lair:2   | Reached skill level 16 in Ranged Weapons
  8471 | Lair:2   | Reached ****** piety under Okawaru
  8611 | Lair:2   | 8611 ||| FLEEEEING.
  8645 | Lair:2   | 8645 ||| FLEEEEING.
  8674 | Lair:2   | 8674 ||| FLEEEEING.
  8766 | Lair:2   | 8766 ||| FLEEEEING.
  8767 | Lair:2   | 8767 ||| FLEEEEING.
  8823 | Lair:2   | Found a staircase to the Swamp.
  8828 | Lair:2   | 8828 ||| FLEEEEING.
  8829 | Lair:2   | 8829 ||| FLEEEEING.
  8886 | Lair:2   | 8886 ||| INVOKING Heroism.
  9003 | Lair:2   | Noticed a six-headed hydra
  9004 | Lair:2   | 9004 ||| INVOKING Heroism.
  9005 | Lair:2   | 9005 ||| INVOKING Finesse.
  9008 | Lair:2   | Killed a six-headed hydra
  9159 | Lair:2   | Found a hole to the Spider Nest.
  9160 | Lair:2   | 9160 ||| INVOKING Finesse.
  9163 | Lair:2   | Reached XP level 13. HP: 116/116 MP: 19/19
  9527 | Lair:3   | 9527 ||| INVOKING Heroism.
  9528 | Lair:3   | 9528 ||| INVOKING Finesse.
  9531 | Lair:3   | Received a gift from Okawaru
  9543 | Lair:3   | HP: 27/116 [six-headed hydra (3)]
  9544 | Lair:3   | HP: 8/116 [six-headed hydra (6)]
  9544 | Lair:3   | HP: 1/116 [six-headed hydra (6)]
  9545 | Lair:3   | Slain by a five-headed hydra

Levels and vault maps discovered:
D:1:      tarquinn_simple_flora_water_f, layout_loops_ring, minivault_19
D:2:      layout_loops_ring, ebering_ecumenical_altar_webs,
          minmay_stone_trees_medium, minmay_octomino_j4
D:3:      layout_loops_corners, lemuel_round_altar, serial_shops,
          nicolae_shop_mannequins, uniq_terence
D:4:      layout_gridville, grunt_temple_overflow_open,
          chequers_serial_rivers_room_b, hangedman_decor_clover_reticule
D:5:      layout_basic, minmay_temple_entry_sparse_star, serial_shops, shop
D:6:      layout_loops_ring, minmay_divided_ellipse
D:7:      layout_rooms, grunt_gozag_breadcrumbs, serial_glass, glass_columns_a,
          glass_columns_c, palyth_stone_intersect, minmay_misc_feat_rows,
          uniq_duvessa, uniq_crazy_yiuf_cottage
D:8:      layout_cave_pools, gammafunk_temple_overflow_elements,
          david_lair_shrubbed, serial_bayou_pond_e,
          nicolae_shop_i_like_small_books_too, uniq_joseph, uniq_maggie
Lair:1:   layout_cave_pods, minmay_shattered_shrine
Lair:2:   nzn_winding_woodlands_stair_trap [nzn_winding_woodlands_5x15_eye,
          nzn_winding_woodlands_5x15_pockets,
          nzn_winding_woodlands_5x15_split_checker,
          nzn_winding_woodlands_15x15_killbox,
          nzn_winding_woodlands_5x15_concentric,
          nzn_winding_woodlands_5x15_sidewinder,
          nzn_winding_woodlands_5x15_longhouse], layout_regular_city,
          minmay_swamp_entry_eels, nicolae_spider_entry_orb_guardian
Lair:3:   layout_cellular_growth, fungi_pond_lemuel

Skill      XL: |  1  2  3  4  5  6  7  8  9 10 11 12 |
---------------+-------------------------------------+-----
Ranged Weapons | 5 6 8 10 12 13 14 16 | 16.2
Fighting       | 3 4 5 6 7 9 11 | 11.0
Armour         | 1 2 4 5 6 7 |  7.2
Dodging        | 3 4 6 7 9 10 | 10.0
Invocations    | 3 4 6 9 10 | 10.0
Stealth        | |  0.7

Action                     |  1- 3 |  4- 6 |  7- 9 | 10-12 | 13-15 || total
---------------------------+-------+-------+-------+-------+-------++-------
   Fire: Shortbow          |    99 |    50 |       |       |       ||   149
         Arbalest          |       |    80 |   162 |   146 |       ||   388
         Hand crossbow     |       |       |       |   156 |    17 ||   173
 Invoke: Heroism           |       |     1 |    12 |    26 |     1 ||    40
         Finesse           |       |       |       |     4 |     1 ||     5
    Use: Scroll            |     4 |     8 |     7 |     7 |       ||    26
         Potion            |     2 |     3 |     2 |     2 |       ||     9
 Armour: Leather armour    |     4 |     9 |       |       |       ||    13
         Ring mail         |       |    11 |    20 |       |       ||    31
         Swamp dragon scal |       |       |       |    52 |    16 ||    68
  Dodge: Dodged            |    20 |    48 |    70 |   262 |    18 ||   418

Table legend:
 A = Non-vault XP
 B = Vault XP
 C = Vault XP percentage of total XP
 D = Non-vault monster count
 E = Vault monster count
 F = Vault count percentage of total count
                 A         B        C        D         E       F
            +---------+---------+-------+---------+---------+-------
      Total |   22517 |   17705 |  44.0 |     247 |      79 |  24.2
            +---------+---------+-------+---------+---------+-------
        D:1 |      24 |       0 |   0.0 |      13 |       0 |   0.0
        D:2 |      28 |       5 |  15.2 |      15 |       3 |  16.7
        D:3 |     160 |      36 |  18.4 |      22 |       1 |   4.3
        D:4 |     133 |       0 |   0.0 |      26 |       0 |   0.0
        D:5 |     695 |       0 |   0.0 |      24 |       0 |   0.0
        D:6 |     850 |     871 |  50.6 |      24 |      13 |  35.1
        D:7 |    1230 |     653 |  34.7 |      29 |       3 |   9.4
        D:8 |    3259 |     793 |  19.6 |      27 |       2 |   6.9
     Lair:1 |    7240 |    4663 |  39.2 |      34 |      15 |  30.6
     Lair:2 |    7355 |   10684 |  59.2 |      25 |      42 |  62.7
     Lair:3 |    1543 |       0 |   0.0 |       8 |       0 |   0.0
            +---------+---------+-------+---------+---------+-------
